 Dungeon Crawl Stone Soup version 0.26.1-11-gd32895ea62 (webtiles) character file.

Game seed: 17581669215240958568

942 Zeld the Caller (level 8, -2/60 HPs)
             Began as a Merfolk Summoner on June 7, 2021.
             Was an Initiate of Elyvilon.
             Slain by an ogre
             ... wielding a +0 giant club
              (16 damage)
             ... on level 6 of the Dungeon.
             The game lasted 00:24:16 (17445 turns).

Zeld the Caller (Merfolk Summoner)                 Turns: 17445, Time: 00:24:16

Health: -2/60      AC:  4    Str:  8    XL:     8   Next: 12%
Magic:  12/14      EV: 15    Int: 16    God:    Elyvilon [......]
Gold:   304        SH:  0    Dex: 15    Spells: 4/15 levels left

rFire    . . .     SeeInvis .   a - +4 trident
rCold    . . .     Faith    .   (no shield)
rNeg     . . .     Spirit   .   q - +0 robe
rPois    .         Reflect  .   o - +1 hat
rElec    .         Harm     .   (no cloak)
rCorr    .         Rampage  .   p - +0 pair of gloves
Will     .....                  (no boots)
Stlth    ++........             (no amulet)
HPRegen  0.20/turn              (no ring)
MPRegen  0.14/turn              (no ring)

@: no status effects
A: change form in water, swift swim, stealthy swim
a: Renounce Religion


You were on level 6 of the Dungeon.
You worshipped Elyvilon.
Elyvilon was noncommittal.
You visited 2 branches of the dungeon, and saw 8 of its levels.

You collected 304 gold pieces.

Inventory:

Hand Weapons
 a - a +4 trident (weapon)
Armour
 o - a +1 hat (worn)
 p - a +0 pair of gloves (worn)
 q - a +0 robe (worn)
Wands
 b - a wand of acid (10)
Scrolls
 e - 4 scrolls of remove curse
 g - 2 scrolls of blinking
 h - a scroll of magic mapping
 l - 3 scrolls of teleportation
 n - 3 scrolls of fear
 r - a scroll of enchant armour
Potions
 c - 3 potions of might
 d - 2 potions of curing
 f - a potion of invisibility {unknown}
 i - 3 potions of heal wounds
 j - a potion of lignification {unknown}
 k - 2 potions of flight {unknown}
 s - a potion of brilliance {unknown}


   Skills:
 + Level 4.0 Fighting
 * Level 3.0 Polearms
 + Level 5.7 Dodging
 - Level 2.1 Stealth
 + Level 4.0 Spellcasting
 * Level 6.8 Summonings


You had 4 spell levels left.
You knew the following spells:

 Your Spells              Type           Power        Failure   Level
a - Summon Small Mammal   Summ           100%         1%          1
b - Call Canine Familiar  Summ           25%          3%          3
c - Summon Guardian Gole  Hex/Summ       14%          12%         3
d - Summon Ice Beast      Ice/Summ       14%          38%         4

Your spell library contained the following spells:

 Spells                   Type           Power        Failure   Level
 Call Imp                 Summ           25%          1%          2
 Magic Dart               Conj           12%          17%         1
 Blink                    Tloc           N/A          26%         2
 Slow                     Hex            3%           26%         2
 Summon Lightning Spire   Summ/Air       14%          38%         4
 Conjure Flame            Conj/Fire      3%           45%         3
 Mephitic Cloud           Conj/Pois/Air  3%           45%         3


Dungeon Overview and Level Annotations

Branches:
Dungeon (7/15)             Temple (1/1) D:6

Altars:
Ashenzari
Cheibriados
Elyvilon
Fedhas
Kikubaaqudgha
Qazlal
Trog
Yredelemnul


Message History

The orc priest invokes the aid of Beogh against you.
Beogh smites you! The ogre barely misses you.
You swap places.
Your hound bites the ogre. x2
You reach to attack!
You hit the ogre.
The ogre is moderately wounded.
The ogre hits your hound with a +0 giant club!!
Your hound dies!
Your hound's corpse disappears in a puff of smoke!
You reach to attack!
You hit the ogre.
The ogre is heavily wounded.
The ogre closely misses you.
Things that are here:
a +0 club; a cursed +0 robe
There is a stone staircase leading up, spattered with blood here.
The ogre hits you with a +0 giant club!!
* * * LOW HITPOINT WARNING * * *
You climb upwards.
There is a stone staircase leading down here.
The ogre hits you with a +0 giant club!
You die...

#.#.# ###....# ##....# #.#.#
###..# #....# ..#.## #..# #....#
..#..# #..# #....# .รท...# #..#
#....#
..#..############[[#########....#
..........#.#....................
###.....#.#.##.>O..).....#####.#.
..#.....#.#.####@[.......# #.#.
..#.....#.#.####.........# ###.#.
..#..(..#^#..............# #...#.
..#.....#.######.........# #..(#.
..#.....#.#..............# #...#.
#########.#..............# ###.#.
..........#..............# #.#.
###########..............# #.#.
#..............# #.#.


You could see an ogre.

Vanquished Creatures
  A bullfrog (D:6)
  An electric eel (D:7)
  A killer bee zombie (D:5)
  A hound skeleton (D:2)
  A gnoll (D:7)
  3 adders
  A dart slug (D:3)
  3 leopard geckos
  An orc (D:5)
  2 giant cockroaches
  2 goblins
  3 hobgoblins
  A jackal (D:1)
  A ball python (D:3)
  A frilled lizard (D:2)
  2 kobolds
  A leopard gecko zombie (D:6)
26 creatures vanquished.

Vanquished Creatures (collateral kills)
  An orc warrior (D:6)
  2 ogres
  A centaur (D:7)
  Blork the orc (D:5)
  A wight (D:6)
  A centaur zombie (D:5)
  A bullfrog zombie (D:5)
  2 hounds (D:5)
  A gnoll shaman (D:7)
  3 orc priests
  Jessica (D:3)
  Natasha (thrice) (D:4)
  An orc wizard (D:3)
  3 worker ants
  A worker ant zombie (D:5)
  A howler monkey skeleton (D:2)
  10 adders
  9 gnolls
  An ooze (D:1)
  An adder skeleton (D:2)
  2 worms
  2 dart slugs
  5 leopard geckos
  11 orcs
  2 bat zombies (D:2)
  9 giant cockroaches
  8 goblins
  6 hobgoblins
  3 jackals (D:1)
  8 kobolds
  A quokka (D:2)
  3 ball pythons
  A ball python zombie (D:2)
  6 bats
  4 frilled lizards
  A giant cockroach zombie (D:2)
  3 jackal skeletons (D:2)
  A leopard gecko skeleton (D:2)
  A leopard gecko zombie (D:2)
  7 rats
129 creatures vanquished.

Vanquished Creatures (others)
  An ogre (D:6)
  A centaur (D:7)
  4 wights (D:6)
  A worker ant (D:7)
  4 fungi (D:7)
  6 plants (D:7)
  3 withered plants (D:2)
20 creatures vanquished.

Grand Total: 175 creatures vanquished

Notes
Turn   | Place    | Note
-------+----------+-------------------------------------------
     0 | D:1      | Zeld the Merfolk Summoner began the quest for the Orb.
     0 | D:1      | Reached XP level 1. HP: 13/13 MP: 3/3
   186 | D:1      | Reached XP level 2. HP: 20/20 MP: 1/5
   189 | D:1      | Learned a level 2 spell: Call Imp
   899 | D:1      | Reached skill level 1 in Fighting
  1285 | D:2      | Reached XP level 3. HP: 26/26 MP: 6/6
  1289 | D:2      | Learned a level 3 spell: Call Canine Familiar
  1581 | D:2      | Found a faded altar of an unknown god.
  1619 | D:2      | Found a basalt altar of Yredelemnul.
  2550 | D:2      | Reached XP level 4. HP: 32/32 MP: 2/7
  4427 | D:3      | Noticed Jessica
  4450 | D:3      | Killed Jessica
  4844 | D:2      | Reached skill level 5 in Summonings
  5097 | D:3      | Reached XP level 5. HP: 29/38 MP: 4/8
  7720 | D:4      | Learned a level 3 spell: Summon Guardian Golem
  7800 | D:4      | Found a glowing drain.
  8081 | D:4      | Reached XP level 6. HP: 31/46 MP: 5/10
  8675 | D:4      | Noticed Natasha
  8680 | D:4      | Killed Natasha
  8994 | D:4      | Noticed Natasha
  9002 | D:4      | Killed Natasha
  9246 | D:4      | Noticed Natasha
  9255 | D:4      | Killed Natasha
  9650 | D:5      | Entered Level 5 of the Dungeon
  9650 | D:5      | Found a snail-covered altar of Cheibriados.
  9650 | D:5      | Found a bloodstained altar of Trog.
 10620 | D:5      | Noticed Blork the orc
 11577 | D:5      | Killed Blork the orc
 11578 | D:5      | Reached skill level 6 in Summonings
 11578 | D:5      | Reached XP level 7. HP: 52/52 MP: 4/12
 12273 | D:5      | Reached skill level 5 in Dodging
 12904 | D:6      | Learned a level 4 spell: Summon Ice Beast
 13947 | D:6      | Reached skill level 1 in Polearms
 14085 | D:6      | Found a staircase to the Ecumenical Temple.
 14104 | Temple   | Entered the Ecumenical Temple
 14138 | Temple   | Became a worshipper of Elyvilon the Healer
 16518 | D:7      | Reached XP level 8. HP: 27/60 MP: 10/13
 17445 | D:6      | Slain by an ogre

Illustrated notes

Levels and vault maps discovered:
D:1:      lemuel_arrival_rhombus, layout_basic
D:2:      layout_basic, yredelemnul_altar_generic,
          chequers_ecumenical_altar_simple_redux, serial_undead,
          serial_undead_d, serial_undead_e, serial_undead_c, serial_undead_a,
          serial_undead_e, serial_undead_c, serial_undead_f
D:3:      layout_loops_ring, kennysheep_generic_room_2, uniq_jessica
D:4:      layout_gridville, portal_sewer_entry_f, uniq_natasha
D:5:      layout_loops_ring, grunt_temple_overflow_open,
          kennysheep_generic_room_11, uniq_blork_the_orc
D:6:      layout_basic, minmay_temple_entry_enclosed_plants, nicolae_sextant
D:7:      kennysheep_seaside_town, layout_rooms, nrook_pool_corridor,
          minmay_three_doors
Temple:   hc_temple_tempest_star

Skill      XL: |  1  2  3  4  5  6  7  8 |
---------------+-------------------------+-----
Dodging        | 3 4 5 |  5.7
Fighting       | 1 2 3 4 |  4.0
Summonings     | 5 6 |  6.8
Spellcasting   | 3 4 |  4.0
Polearms       | 2 3 |  3.0
Stealth        | |  2.1

Action                   |  1- 3 |  4- 6 |  7- 9 || total
-------------------------+-------+-------+-------++-------
Melee: Unarmed           |    76 |   211 |   104 ||   391
       Tailslap          |     1 |       |       ||     1
       Trident           |       |       |    62 ||    62
 Cast: Summon Small Mamm |    65 |    25 |     3 ||    93
       Call Imp          |    17 |    59 |     3 ||    79
       Call Canine Famil |       |    24 |    29 ||    53
       Summon Guardian G |       |     4 |    19 ||    23
       Summon Ice Beast  |       |       |     3 ||     3
  Use: Scroll            |       |    10 |     5 ||    15
       Potion            |       |     3 |       ||     3
 Stab: Sleeping          |     1 |     2 |       ||     3
       Distracted        |     1 |     1 |     1 ||     3
Armor: Robe              |    13 |    63 |    36 ||   112
Dodge: Dodged            |    96 |   299 |   189 ||   584
